[Event "1st Bangalore GM-Open-A 2024"]
[Site "Bangalore"]
[Date "2024.01.24"]
[Round "8.21"]
[White "Srihari L"]
[Black "Mohammad Nubairshah Shaikh"]
[Result "1/2-1/2"]
[ECO "B48"]
[WhiteElo "2288"]
[BlackElo "2428"]
[Annotator "RC"]
[PlyCount "105"]
[EventDate "2024.01.20"]
[EventType "swiss"]
[EventCountry "IND"]
[SourceTitle "playchess.com"]
[Source "ChessBase"]
[SourceQuality "1"]
[TimeControl "5400+30"]

1. e4 c5 2. Nf3 e6 3. d4 cxd4 4. Nxd4 Nc6 5. Nc3 Qc7 6. Be3 a6 7. a3 b5 8. Nxc6 Qxc6 9. Qd2 Bb7 10. O-O-O Rc8 11. Bd4 Nf6 12. Bd3 Bc5 13. Bxc5 Qxc5 14. Rhe1 d6 15. f4 O-O 16. e5 dxe5 17. fxe5 Ng4 18. Be4 Bc6 19. Bxc6 Rxc6 20. Qf4 f5 21. exf6 Nxf6 22. Re5 Qe7 23. Qd4 Qc7 24. h3 h6 25. Kb1 Rb8 26. g4 b4 27. axb4 Rxb4 28. Qxb4 Qxe5 29. Qb7 Qc5 30. Qb8+ Kh7 31. Qg3 Qc4 32. g5 hxg5 33. Qxg5 Rc5 34. Qg2 Qb4 35. Rg1 Rc7 36. Qg6+ Kh8 37. Rd1 Qb8 38. Ne4 Qf8 39. Ng5 Re7 40. Rf1 Qe8 41. Qd3 Qb5 42. Qxb5 axb5 43. Re1 e5 44. Rxe5 Rxe5 45. Nf7+ Kh7 46. Nxe5 Kh6 47. Ng4+ Kg5 48. Nxf6 gxf6 49. b3 f5 50. c4 bxc4 51. bxc4 f4 52. Kc2 Kh4 53. c5 1/2-1/2

[Event "1st Bangalore GM-Open-A 2024"]
[Site "Bangalore"]
[Date "2024.01.24"]
[Round "8.22"]
[White "Dzhumaev, Marat"]
[Black "De Silva, L M S T"]
[Result "1-0"]
[ECO "C45"]
[WhiteElo "2362"]
[BlackElo "2398"]
[Annotator "RC"]
[PlyCount "113"]
[EventDate "2024.01.20"]
[EventType "swiss"]
[EventCountry "IND"]
[SourceTitle "playchess.com"]
[Source "ChessBase"]
[SourceQuality "1"]
[TimeControl "5400+30"]

1. e4 e5 2. Nf3 Nc6 3. d4 exd4 4. Nxd4 Nf6 5. Nxc6 bxc6 6. Nd2 d6 7. Be2 g6 8. Nc4 Bg7 9. e5 Nd5 10. Na5 dxe5 11. c4 Ne7 12. Qxd8+ Kxd8 13. Be3 Ke8 14. O-O-O Be6 15. g4 e4 16. Nb3 f5 17. Nc5 Kf7 18. f3 exf3 19. Bxf3 Bxc4 20. Rd7 Rhd8 21. Rxc7 Be5 22. Rb7 Bd5 23. Bg5 Bf6 24. Bxf6 Kxf6 25. Rf1 Bxf3 26. Rxf3 Rd4 27. g5+ Ke5 28. Re3+ Kd6 29. b4 Rxb4 30. Rxb4 Nd5 31. Nb7+ Kc7 32. Reb3 Nxb4 33. Rxb4 Rb8 34. Nc5 Rxb4 35. Na6+ Kb6 36. Nxb4 Kc5 37. Nd3+ Kd4 38. Kd2 c5 39. Nf4 c4 40. Ne6+ Ke5 41. Nf8 f4 42. Nxh7 f3 43. Nf6 Kf5 44. Nd5 Ke4 45. Nc3+ Kd4 46. Nd1 Ke4 47. Kc3 Kf4 48. Kd4 Kxg5 49. Ke3 Kh4 50. Nf2 c3 51. Kd3 g5 52. Kxc3 g4 53. Kd4 g3 54. hxg3+ Kxg3 55. Ke3 a5 56. a4 Kg2 57. Ne4 1-0

[Event "1st Bangalore GM-Open-A 2024"]
[Site "Bangalore"]
[Date "2024.01.24"]
[Round "8.23"]
[White "Venkatesh, M.R."]
[Black "Saravana, Krishnan P."]
[Result "1-0"]
[ECO "A01"]
[WhiteElo "2392"]
[BlackElo "2269"]
[Annotator "RC"]
[PlyCount "117"]
[EventDate "2024.01.20"]
[EventType "swiss"]
[EventCountry "IND"]
[SourceTitle "playchess.com"]
[Source "ChessBase"]
[SourceQuality "1"]
[TimeControl "5400+30"]

1. b3 d5 2. Bb2 Bg4 3. f3 Bf5 4. e4 dxe4 5. Nc3 e3 6. dxe3 Qxd1+ 7. Rxd1 c6 8. e4 Bg6 9. Nge2 Nd7 10. h4 h6 11. Nf4 Bh7 12. Nd3 e6 13. Be2 O-O-O 14. Kf2 h5 15. Bc1 Bd6 16. Be3 Bb8 17. a4 f5 18. e5 Nh6 19. Bg5 Rde8 20. Bxh6 gxh6 21. f4 Bg6 22. Nb2 a6 23. Nc4 Ba7+ 24. Kf1 Kc7 25. a5 Nc5 26. Rh3 Ne4 27. Nd6 Re7 28. Ncxe4 fxe4 29. Rg3 Bh7 30. Bxh5 e3 31. Bg6 Rg7 32. h5 Rf8 33. Ke2 Bxg6 34. Rxg6 Rxg6 35. hxg6 Rg8 36. f5 exf5 37. g7 Kd7 38. Nb5+ Ke6 39. Nxa7 Rxg7 40. Kf3 f4 41. Kxf4 e2 42. Re1 Rxg2 43. Nc8 h5 44. Kf3 Rg8 45. Nd6 Kxe5 46. Nc4+ Kd4 47. Rxe2 h4 48. Rh2 Kc3 49. Nd6 Rf8+ 50. Ke3 Rb8 51. Rxh4 Kxc2 52. Rb4 Rd8 53. Nxb7 Rd3+ 54. Ke4 Rxb3 55. Rb6 Rb5 56. Kd4 Kb3 57. Nd6 c5+ 58. Kd5 Ka4 59. Nxb5 1-0

[Event "1st Bangalore GM-Open-A 2024"]
[Site "Bangalore"]
[Date "2024.01.24"]
[Round "8.24"]
[White "Ajay Santhosh Parvathareddy"]
[Black "Ritviz, Parab"]
[Result "0-1"]
[ECO "A47"]
[WhiteElo "2204"]
[BlackElo "2391"]
[Annotator "RC"]
[PlyCount "98"]
[EventDate "2024.01.20"]
[EventType "swiss"]
[EventCountry "IND"]
[SourceTitle "playchess.com"]
[Source "ChessBase"]
[SourceQuality "1"]
[TimeControl "5400+30"]

1. d4 Nf6 2. Nf3 e6 3. e3 b6 4. b3 Bb7 5. Bb2 Be7 6. Be2 O-O 7. O-O c5 8. dxc5 bxc5 9. c4 d6 10. Nc3 Nbd7 11. Qc2 Qc7 12. Rfd1 a6 13. Rac1 Bc6 14. Ne1 Ne5 15. f4 Ng6 16. Bf3 Rad8 17. Bxc6 Qxc6 18. Nf3 Rfe8 19. f5 Ne5 20. Nxe5 dxe5 21. fxe6 Qxe6 22. Rxd8 Rxd8 23. Rd1 e4 24. Rxd8+ Bxd8 25. Qd2 Ba5 26. h3 h5 27. Qd1 Qe5 28. Qe1 Qd6 29. Qd1 Qg3 30. Qe2 Bc7 31. Kf1 Qh2 32. Ke1 Qg1+ 33. Kd2 Be5 34. Kc2 Bxc3 35. Bxc3 Nd7 36. Qd2 Nf8 37. a3 Qf1 38. Kb2 Ne6 39. Qc2 f5 40. Be5 Qe1 41. Qc1 Qe2+ 42. Ka1 f4 43. Bxf4 Nxf4 44. exf4 e3 45. Qb1 Qxg2 46. Qd3 e2 47. Qd8+ Kh7 48. Qd3+ Kh6 49. Qd6+ Qg6 0-1

[Event "1st Bangalore GM-Open-A 2024"]
[Site "Bangalore"]
[Date "2024.01.24"]
[Round "8.25"]
[White "Thilakarathne, G M H"]
[Black "Daaevik Wadhawan"]
[Result "1/2-1/2"]
[ECO "B50"]
[WhiteElo "2391"]
[BlackElo "1997"]
[Annotator "RC"]
[PlyCount "63"]
[EventDate "2024.01.20"]
[EventType "swiss"]
[EventCountry "IND"]
[SourceTitle "playchess.com"]
[Source "ChessBase"]
[SourceQuality "1"]
[TimeControl "5400+30"]

1. e4 c5 2. Nf3 e6 3. b3 Nc6 4. Bb2 d6 5. Bb5 e5 6. c3 Nge7 7. d4 Qc7 8. Na3 a6 9. dxc5 dxc5 10. Nc4 Ng6 11. Bxc6+ bxc6 12. Ne3 Nf4 13. g3 Ne6 14. h4 h5 15. Nd2 g6 16. Qf3 Be7 17. Rd1 a5 18. a4 Rb8 19. O-O f6 20. Bc1 O-O 21. Kh1 Ng7 22. Qg2 f5 23. f4 Kh7 24. c4 fxe4 25. Qxe4 exf4 26. Rxf4 Rxf4 27. gxf4 Nf5 28. Rg1 Qd6 29. Bb2 Qe6 30. Be5 Rb7 31. Nxf5 Qxf5 32. Rg3 1/2-1/2

[Event "1st Bangalore GM-Open-A 2024"]
[Site "Bangalore"]
[Date "2024.01.24"]
[Round "8.26"]
[White "Rajarishi Karthi"]
[Black "Aradhya, Garg"]
[Result "1/2-1/2"]
[ECO "D24"]
[WhiteElo "2183"]
[BlackElo "2390"]
[Annotator "RC"]
[PlyCount "63"]
[EventDate "2024.01.20"]
[EventType "swiss"]
[EventCountry "IND"]
[SourceTitle "playchess.com"]
[Source "ChessBase"]
[SourceQuality "1"]
[TimeControl "5400+30"]

1. d4 d5 2. c4 e6 3. Nc3 Nf6 4. Nf3 dxc4 5. e3 a6 6. a4 b6 7. Bxc4 Bb7 8. O-O Bb4 9. Qe2 O-O 10. Rd1 Nbd7 11. Bd2 Qe7 12. Be1 Rfd8 13. Rac1 h6 14. Bb3 c5 15. Bc2 Rac8 16. dxc5 Nxc5 17. Rxd8+ Rxd8 18. Rd1 Rxd1 19. Qxd1 e5 20. Nb1 Bxf3 21. gxf3 Bxe1 22. Qxe1 e4 23. Qd1 g6 24. Nc3 exf3 25. Qxf3 Qe6 26. Qf4 Kg7 27. Qd4 Qg4+ 28. Qxg4 Nxg4 29. Nd5 Nd7 30. Bd3 a5 31. Bb5 Ngf6 32. Ne7 1/2-1/2

[Event "1st Bangalore GM-Open-A 2024"]
[Site "Bangalore"]
[Date "2024.01.24"]
[Round "8.27"]
[White "Audi Ameya"]
[Black "Jake Shanty"]
[Result "1-0"]
[ECO "E06"]
[WhiteElo "2385"]
[BlackElo "1903"]
[Annotator "RC"]
[PlyCount "133"]
[EventDate "2024.01.20"]
[EventType "swiss"]
[EventCountry "IND"]
[SourceTitle "playchess.com"]
[Source "ChessBase"]
[SourceQuality "1"]
[TimeControl "5400+30"]

1. Nf3 Nf6 2. c4 e6 3. g3 d5 4. Bg2 Be7 5. d4 O-O 6. Nc3 c6 7. O-O b6 8. Nd2 Ba6 9. b3 Nbd7 10. e4 Bb7 11. Re1 dxe4 12. Ndxe4 Nxe4 13. Nxe4 Nf6 14. Qc2 Nxe4 15. Bxe4 g6 16. Bh6 Re8 17. Rad1 Bg5 18. Bxg5 Qxg5 19. c5 Red8 20. b4 b5 21. a4 a6 22. Re3 Rd7 23. Ra3 Qd8 24. Rad3 Qf6 25. h4 Rad8 26. axb5 axb5 27. Qb2 h5 28. Kg2 Qg7 29. Qc3 Qf6 30. Ra1 Ra8 31. Ra5 Rdd8 32. Rd2 Kh7 33. Qa1 Qh8 34. Rxa8 Rxa8 35. Qd1 Kg7 36. Qf3 Qc8 37. Qf4 Qb8 38. Qe5+ Qxe5 39. dxe5 Ra4 40. Rd4 Kf8 41. Rd8+ Kg7 42. Rd4 Kf8 43. Kf3 Ke7 44. Kf4 Ra2 45. f3 Ra8 46. Kg5 Ra1 47. g4 Rg1 48. Rd6 hxg4 49. fxg4 Re1 50. Kf4 Rf1+ 51. Bf3 Rb1 52. Rd4 Rf1 53. h5 gxh5 54. gxh5 f6 55. exf6+ Kxf6 56. Ke3 Bc8 57. Rd8 Ba6 58. Ra8 Bb7 59. Ra7 Bc8 60. Rc7 Ba6 61. h6 Re1+ 62. Kf2 Rb1 63. h7 Rb2+ 64. Kg3 Rxb4 65. h8=Q+ Kg6 66. Qh5+ Kf6 67. Rf7# 1-0

[Event "1st Bangalore GM-Open-A 2024"]
[Site "Bangalore"]
[Date "2024.01.24"]
[Round "8.28"]
[White "Kumar, Gaurav"]
[Black "Nitin, S.."]
[Result "1/2-1/2"]
[ECO "A15"]
[WhiteElo "1953"]
[BlackElo "2385"]
[Annotator "RC"]
[PlyCount "134"]
[EventDate "2024.01.20"]
[EventType "swiss"]
[EventCountry "IND"]
[SourceTitle "playchess.com"]
[Source "ChessBase"]
[SourceQuality "1"]
[TimeControl "5400+30"]

1. Nf3 Nf6 2. c4 g6 3. b4 Bg7 4. Bb2 d6 5. g3 e5 6. Bg2 O-O 7. d3 Nh5 8. Nc3 f5 9. O-O Nc6 10. b5 Ne7 11. Qb3 Kh8 12. c5 h6 13. cxd6 cxd6 14. Na4 a6 15. bxa6 Rxa6 16. Nd2 Bd7 17. Nc3 Bc6 18. a4 Nf6 19. Nc4 f4 20. Nb5 Nf5 21. Rac1 h5 22. Nd2 h4 23. gxf4 Nh5 24. e3 exf4 25. Bxg7+ Nfxg7 26. Bxc6 bxc6 27. Nd4 Qd7 28. N4f3 fxe3 29. fxe3 Qg4+ 30. Kh1 Nf5 31. Rf2 Qxa4 32. Qb2+ Nfg7 33. Rg1 Qa2 34. Qb7 Raa8 35. Qxc6 Qe6 36. Rfg2 Rac8 37. Qb6 Qh3 38. Ng5 Qd7 39. Qd4 h3 40. Nxh3 Qxh3 41. Rxg6 Rf7 42. Qd5 Kg8 43. Qxd6 Qxe3 44. Ne4 Qf3+ 45. R6g2 Qf4 46. Qg6 Qf5 47. Qxf5 Rxf5 48. Nd6 Rcf8 49. Nxf5 Rxf5 50. Rg5 Kf7 51. Rxf5+ Nxf5 52. Ra1 Kf6 53. Ra3 Nf4 54. Kg1 Ne2+ 55. Kf2 Ned4 56. Ra8 Kg5 57. Ke1 Nf3+ 58. Ke2 Nxh2 59. Rh8 Ng4 60. Kf3 Nf6 61. Rd8 Nh4+ 62. Ke3 Nf5+ 63. Kd2 Ne7 64. Kc3 Kf5 65. Kc4 Ke6 66. Kc5 Nd7+ 67. Kb5 Ke5 1/2-1/2

[Event "1st Bangalore GM-Open-A 2024"]
[Site "Bangalore"]
[Date "2024.01.24"]
[Round "8.29"]
[White "Stany, G.A."]
[Black "Prasad, Devaki V"]
[Result "0-1"]
[ECO "C45"]
[WhiteElo "2459"]
[BlackElo "2229"]
[Annotator "RC"]
[PlyCount "76"]
[EventDate "2024.01.20"]
[EventType "swiss"]
[EventCountry "IND"]
[SourceTitle "playchess.com"]
[Source "ChessBase"]
[SourceQuality "1"]
[TimeControl "5400+30"]

1. e4 e5 2. Nf3 Nc6 3. d4 exd4 4. Nxd4 Nf6 5. Nxc6 bxc6 6. e5 Qe7 7. Qe2 Nd5 8. h4 f6 9. c4 Ba6 10. Rh3 fxe5 11. Bg5 Nf6 12. Re3 Qb4+ 13. Nd2 O-O-O 14. a3 Qa4 15. Rxe5 Bd6 16. Rf5 Qc2 17. Qd3 Rde8+ 18. Be3 Rxe3+ 19. fxe3 Bg3+ 20. Ke2 Bxc4 21. Qxc4 Qxf5 22. Nf3 Re8 23. Kd2 Ne4+ 24. Kc1 Nd6 25. Bd3 Nxc4 26. Bxf5 Nxe3 27. Bh3 Nd5 28. Kd2 Nf4 29. Bf5 Re2+ 30. Kc3 g6 31. Bc2 Nxg2 32. Ng5 Be5+ 33. Kb3 Ne1 34. Rxe1 Rxe1 35. Nxh7 Re2 36. Nf8 Bf6 37. Nxg6 Rh2 38. a4 Kd8 0-1

[Event "1st Bangalore GM-Open-A 2024"]
[Site "Bangalore"]
[Date "2024.01.24"]
[Round "8.30"]
[White "Rosh Jain"]
[Black "Kaustuv, Kundu"]
[Result "1/2-1/2"]
[ECO "B78"]
[WhiteElo "2221"]
[BlackElo "2423"]
[Annotator "RC"]
[PlyCount "91"]
[EventDate "2024.01.20"]
[EventType "swiss"]
[EventCountry "IND"]
[SourceTitle "playchess.com"]
[Source "ChessBase"]
[SourceQuality "1"]
[TimeControl "5400+30"]

1. e4 c5 2. Nf3 Nc6 3. d4 cxd4 4. Nxd4 g6 5. Nc3 Bg7 6. Be3 Nf6 7. Bc4 O-O 8. Bb3 d6 9. f3 Bd7 10. Qd2 Rc8 11. O-O-O Nxd4 12. Bxd4 b5 13. e5 dxe5 14. Bxe5 Bc6 15. Qxd8 Rfxd8 16. Rxd8+ Rxd8 17. Rd1 Bh6+ 18. Kb1 Rxd1+ 19. Nxd1 Nd7 20. Bg3 Nc5 21. Bf2 Nxb3 22. axb3 a6 23. Be3 Bg7 24. Nf2 f5 25. Nd3 e5 26. h4 Kf7 27. b4 e4 28. fxe4 Bxe4 29. g3 Bxd3 30. cxd3 Ke6 31. Kc2 Kd5 32. Bd2 Be5 33. Bf4 Bd4 34. Kc1 Bf6 35. Kc2 Be7 36. Kc3 Bd6 37. Bxd6 Kxd6 38. Kd4 h6 39. Ke3 g5 40. h5 Kd5 41. Ke2 Kd4 42. Kd2 Kd5 43. Ke2 Kd6 44. Ke3 Ke5 45. Kf3 Kd6 46. Ke3 1/2-1/2

[Event "1st Bangalore GM-Open-A 2024"]
[Site "Bangalore"]
[Date "2024.01.24"]
[Round "8.31"]
[White "Vishnu Prasanna. V"]
[Black "Patil Harshal"]
[Result "1-0"]
[ECO "B12"]
[WhiteElo "2413"]
[BlackElo "2182"]
[Annotator "RC"]
[PlyCount "73"]
[EventDate "2024.01.20"]
[EventType "swiss"]
[EventCountry "IND"]
[SourceTitle "playchess.com"]
[Source "ChessBase"]
[SourceQuality "1"]
[TimeControl "5400+30"]

1. e4 c6 2. d4 d5 3. e5 c5 4. dxc5 Nc6 5. c3 e6 6. Bf4 Bxc5 7. b4 Bb6 8. Qg4 Kf8 9. b5 h5 10. Qg3 Nce7 11. Bd3 Nh6 12. Bxh6 Rxh6 13. Nf3 a6 14. bxa6 bxa6 15. O-O a5 16. Na3 Ba6 17. Bxa6 Rxa6 18. Nd4 Bxd4 19. cxd4 Nf5 20. Qd3 Rc6 21. Nb5 Rg6 22. g3 Qg5 23. Qa3+ Kg8 24. Rac1 Rxc1 25. Rxc1 Qd2 26. Qc3 Qxa2 27. Nd6 Nh6 28. h3 a4 29. Qf3 a3 30. Rc8+ Kh7 31. Nxf7 Qb1+ 32. Kh2 Nxf7 33. Qxf7 a2 34. Qg8+ Kh6 35. Qh8+ Kg5 36. Rf8 Rf6 37. Rxf6 1-0

[Event "1st Bangalore GM-Open-A 2024"]
[Site "Bangalore"]
[Date "2024.01.24"]
[Round "8.32"]
[White "Panda Sambit"]
[Black "Alekhya Mukhopadhyay"]
[Result "0-1"]
[ECO "A80"]
[WhiteElo "2404"]
[BlackElo "2184"]
[Annotator "RC"]
[PlyCount "184"]
[EventDate "2024.01.20"]
[EventType "swiss"]
[EventCountry "IND"]
[SourceTitle "playchess.com"]
[Source "ChessBase"]
[SourceQuality "1"]
[TimeControl "5400+30"]

1. d4 f5 2. Bg5 h6 3. Bh4 g5 4. e3 Nf6 5. Bg3 d6 6. Nc3 e6 7. h4 Rg8 8. Be2 Qe7 9. hxg5 hxg5 10. Nf3 Nc6 11. a4 Bd7 12. a5 a6 13. b4 Nxb4 14. Qb1 d5 15. Ne5 c5 16. Nxd7 Nxd7 17. Ra4 b5 18. axb6 Nxb6 19. Rxa6 Rxa6 20. Bxa6 cxd4 21. Bb5+ Kf7 22. Qd1 dxc3 23. Rh7+ Bg7 24. Qh5+ Kf6 25. f4 Qf8 26. Qxg5+ Kf7 27. Bh4 Rh8 28. Qh5+ Kg8 29. Rxh8+ Bxh8 30. Qg6+ Qg7 31. Qxe6+ Kh7 32. Kf2 Nc4 33. Be8 Nxe3 34. Qxe3 Qd4 35. Ba4 Qxe3+ 36. Kxe3 d4+ 37. Ke2 Kh6 38. Bg5+ Kh5 39. Kf3 Kg6 40. Be8+ Kh7 41. Bd7 Kg6 42. g4 d3 43. gxf5+ Kf7 44. Be6+ Ke8 45. f6 Bxf6 46. Bh6 Nxc2 47. Ke4 Nd4 48. Bg4 Nf5 49. Kxd3 Nxh6 50. Be6 Ke7 51. Bb3 Nf5 52. Ke4 Nd4 53. Ba4 c2 54. Bxc2 Nxc2 55. f5 Nd4 56. Kd5 Nxf5 57. Ke4 Ke6 58. Kf4 Nd6 59. Kg4 Ke5 60. Kf3 Ne4 61. Kg4 Nd2 62. Kg3 Kf5 63. Kf2 Ke4 64. Kg3 Nf3 65. Kh3 Kf4 66. Kg2 Ke3 67. Kg3 Ne5 68. Kg2 Bh4 69. Kh3 Bf2 70. Kg2 Ke2 71. Kh2 Kf3 72. Kh1 Bg3 73. Kg1 Nd3 74. Kf1 Nf2 75. Kg1 Bf4 76. Kf1 Bh2 77. Ke1 Ne4 78. Kd1 Ke3 79. Kc2 Nd2 80. Kc3 Bd6 81. Kc2 Bb4 82. Kd1 Nf3 83. Kc2 Nd4+ 84. Kd1 Kd3 85. Kc1 Ke2 86. Kb1 Kd1 87. Kb2 Kd2 88. Kb1 Ba3 89. Ka2 Bc1 90. Kb1 Kd1 91. Ka1 Kc2 92. Ka2 Ne2 0-1

[Event "1st Bangalore GM-Open-A 2024"]
[Site "Bangalore"]
[Date "2024.01.24"]
[Round "8.33"]
[White "Gonzales, Jayson"]
[Black "Aakash Sharadchandra, Dalvi"]
[Result "1/2-1/2"]
[ECO "A13"]
[WhiteElo "2367"]
[BlackElo "2180"]
[Annotator "RC"]
[PlyCount "107"]
[EventDate "2024.01.20"]
[EventType "swiss"]
[EventCountry "IND"]
[SourceTitle "playchess.com"]
[Source "ChessBase"]
[SourceQuality "1"]
[TimeControl "5400+30"]

1. c4 e6 2. Nf3 d5 3. g3 dxc4 4. Qa4+ Bd7 5. Qxc4 c5 6. Bg2 Nc6 7. O-O Nf6 8. b3 Rc8 9. Bb2 Be7 10. d3 O-O 11. Nbd2 b5 12. Qc2 Nd4 13. Qd1 Qb6 14. Ne5 Rfd8 15. e3 Nf5 16. Qe2 Be8 17. Ndf3 Nd7 18. Rac1 Nxe5 19. Nxe5 Bf6 20. Rfd1 h6 21. Rc2 Qd6 22. f4 Qb6 23. Rdc1 c4 24. d4 Bxe5 25. fxe5 Bd7 26. bxc4 Rxc4 27. Rxc4 bxc4 28. Ba3 Bc6 29. Bc5 Qb7 30. Bf1 Bd5 31. Re1 Be4 32. Qxc4 Rb8 33. Qe2 a5 34. Qf2 g5 35. Qd2 a4 36. a3 Qd5 37. Bb4 Rc8 38. Bg2 Kg7 39. Qf2 Rc7 40. Bc5 h5 41. h3 Rb7 42. g4 hxg4 43. hxg4 Bxg2 44. gxf5 Be4 45. Qg3 Rb2 46. Qxg5+ Kh7 47. Qh5+ Kg8 48. Qg5+ Kh7 49. Qh5+ Kg8 50. Qg4+ Kh7 51. Re2 Rxe2 52. Qxe2 Bxf5 53. Qh5+ Kg8 54. Qg5+ 1/2-1/2

[Event "1st Bangalore GM-Open-A 2024"]
[Site "Bangalore"]
[Date "2024.01.24"]
[Round "8.34"]
[White "Roy Chowdhury, Saptarshi"]
[Black "Dushyant Sharma"]
[Result "1-0"]
[ECO "D02"]
[WhiteElo "2233"]
[BlackElo "2357"]
[Annotator "TA"]
[PlyCount "131"]
[EventDate "2024.01.20"]
[EventType "swiss"]
[EventCountry "IND"]
[SourceTitle "playchess.com"]
[Source "ChessBase"]
[SourceQuality "1"]
[TimeControl "5400+30"]

1. Nf3 d5 2. g3 Nc6 3. d4 Bf5 4. Bg2 Nb4 5. Na3 e6 6. O-O Nf6 7. Bg5 {[%emt 0:05:27] [#] D02: 1 d4 d5 2 Nf3 sidelines, including 2...Nf6 3 g3 and 2...Nf6 3 Bf4.} (7. c3 $5 Nc6 8. Qb3 $11) 7... h6 $146 ({Predecessor:} 7... Be7 8. c3 Nc6 9. Nd2 O-O 10. Bxf6 Bxf6 11. e4 dxe4 12. Nxe4 Be7 13. Nc4 Qc8 14. f4 Nb8 {½-½ Puranik,A (2612)-Nogerbek,K (2437) Olympiad-44 Chennai 2022 (11.4)}) 8. Bxf6 Qxf6 9. c3 {[%emt 0:00:29] The position is equal.} (9. Nb5 $5 Qd8 10. c4 $11) 9... Nc6 10. Qb3 Rb8 11. Nd2 Qg6 (11... Bxa3 $14 12. Qxa3 Qe7) 12. Rfe1 b5 {[%emt 0:11:47] [#]} 13. e4 $1 $16 ({And not} 13. Nxb5 Bc2 14. Bxd5 (14. Nxc7+ $2 Kd7 $19) 14... exd5 15. Qxd5 Rb7 $15) 13... dxe4 (13... Na5 $16 {is a better defense.} 14. exf5 Nxb3 15. fxg6 Nxa1) 14. Nxb5 $18 a6 15. Qc4 Kd7 16. d5 (16. Bxe4 $2 {loses.} Bxe4 17. Nxe4 axb5 $19) (16. Nxc7 $142 Kxc7 17. Nxe4) 16... exd5 17. Qxd5+ Kc8 {[%emt 0:00:11] [#]} 18. Qxc6 {[%emt 0:04:49][%mdl 576] Remove Defender, Decoy} Qxc6 19. Na7+ {[%emt 0:00:04] A dynamic duo of knights.} Kb7 20. Nxc6 Kxc6 21. b3 (21. Bxe4+ $142 Bxe4 22. Rxe4) 21... Re8 22. Nxe4 Bxe4 23. Rxe4 Rxe4 24. Bxe4+ $16 {[%emt 0:00:03][%mdl 4096] Endgame KRB-KRB} Kb6 25. Bd5 Ba3 26. Bxf7 Bb2 27. Re1 Bxc3 28. Re6+ Kb7 29. Bh5 {[%emt 0:07:40] White is more active.} Rf8 {[%emt 0:04:48] Repels Bf3+} 30. Kg2 Rf6 31. Bf3+ Ka7 32. Re4 Kb6 33. Rc4 Be1 34. Re4 Bc3 35. Be2 a5 36. h4 c5 (36... Rd6 $142) 37. f4 Kc6 38. h5 Rd6 39. Kf3 Rd2 40. a4 Kd7 41. Bb5+ Kd6 42. Bc4 Kd7 43. Kg4 Rh2 44. Bb5+ Kd6 45. Bc4 Kd7 $1 46. Bf7 Rg2 47. Be6+ Kd6 48. Bc4 Rg1 49. Re3 Bd4 50. Re6+ Kd7 51. Kf3 Rh1 52. Ra6 Bc3 53. g4 Rg1 54. Ke4 Ke7 55. Kf5 Rg2 $2 (55... Rd1 56. Re6+ Kd8) 56. Ra7+ $18 Kd6 57. Bb5 c4 58. bxc4 {[%emt 0:00:26][%cal Bb3c4,Bc4c5,Bc5c6,Bc6c7][%mdl 32] Hoping for Rd7+.} ({Weaker is} 58. Bxc4 Rf2 59. Ke4 Rg2 $18) 58... Rf2 (58... Kc5 $142 59. Rc7+ Kb6 60. Rc6+ Kb7) 59. Rd7+ Kc5 60. Rd5+ Kb4 61. c5 Bd2 62. c6 {[%emt 0:00:21] Threatening mate with c7.} Rxf4+ 63. Ke5 {[%emt 0:00:01] White mates.} Rf2 64. Rd4+ Kc3 65. c7 Rf8 66. Rc4+ {[%emt 0:00:20] Weighted Error Value: White=0.17 (very precise) /Black=0.27 (precise)} (66. Rd8 $142 Bf4+ 67. Ke4 Bxc7 68. Rxf8 Bh2 69. Rg8 Bd6 70. Rxg7 Bf8 71. Rg6) 1-0

[Event "1st Bangalore GM-Open-A 2024"]
[Site "Bangalore"]
[Date "2024.01.24"]
[Round "8.35"]
[White "Moksh Amit Doshi"]
[Black "Sarwat, Walaa"]
[Result "1-0"]
[ECO "D90"]
[WhiteElo "2355"]
[BlackElo "2175"]
[Annotator "RC"]
[PlyCount "66"]
[EventDate "2024.01.20"]
[EventType "swiss"]
[EventCountry "IND"]
[SourceTitle "playchess.com"]
[Source "ChessBase"]
[SourceQuality "1"]
[TimeControl "5400+30"]

1. d4 d5 2. Nf3 Nf6 3. c4 c6 4. Nc3 g6 5. cxd5 cxd5 6. Bf4 Bg7 7. e3 O-O 8. h3 Nc6 9. Be2 Bf5 10. O-O Ne4 11. Rc1 Rc8 12. Qb3 Na5 13. Qb4 a6 14. Nxe4 dxe4 15. Rxc8 Bxc8 16. Ng5 Nc6 17. Qc5 e5 18. dxe5 Nxe5 19. Nxe4 Nd3 20. Bxd3 Qxd3 21. Nd6 Be6 22. b3 Qd2 23. Be5 f6 24. Bd4 Qxa2 25. b4 Bd5 26. Nc8 Kh8 27. Rc1 Qb3 28. Qd6 Bc4 29. Nb6 Bg8 30. Nd7 Re8 31. Nxf6 Ra8 32. Rc7 Qe6 33. Ne8 Qa2 1-0

[Event "1st Bangalore GM-Open-A 2024"]
[Site "Bangalore"]
[Date "2024.01.24"]
[Round "8.36"]
[White "Fronda, Jan Jodilyn"]
[Black "Manish Anto Cristiano F"]
[Result "0-1"]
[ECO "B22"]
[WhiteElo "2151"]
[BlackElo "2349"]
[Annotator "RC"]
[PlyCount "116"]
[EventDate "2024.01.20"]
[EventType "swiss"]
[EventCountry "IND"]
[SourceTitle "playchess.com"]
[Source "ChessBase"]
[SourceQuality "1"]
[TimeControl "5400+30"]

1. e4 c5 2. c3 d5 3. exd5 Qxd5 4. Nf3 Nc6 5. d4 Nf6 6. Be3 e6 7. Na3 cxd4 8. Nb5 Qd8 9. Nbxd4 Nxd4 10. Qxd4 Be7 11. Bb5+ Bd7 12. Bxd7+ Qxd7 13. Qxd7+ Nxd7 14. O-O-O Nf6 15. Kb1 O-O 16. Rd3 Nd5 17. Bc1 Rfc8 18. Nd4 a6 19. f4 Nb6 20. b3 Bf6 21. c4 Rab8 22. Ba3 Ra8 23. Bb2 h5 24. Rhd1 Rd8 25. Bc3 Nc8 26. Ne2 Rxd3 27. Rxd3 Be7 28. Ng3 g6 29. Ne4 Kf8 30. Rd7 b6 31. Bf6 Ke8 32. Rb7 Ra7 33. Rxa7 Nxa7 34. Bxe7 Kxe7 35. Kc2 Nc6 36. Kc3 e5 37. fxe5 Nxe5 38. h3 f5 39. Nd2 g5 40. Kd4 Ke6 41. Ke3 Ng6 42. Nf3 Kf6 43. Kd4 Nf4 44. Ne1 g4 45. hxg4 fxg4 46. Ke4 Ne2 47. Kd5 h4 48. Ke4 Kg5 49. a3 Nf4 50. b4 Nxg2 51. Nd3 h3 52. c5 bxc5 53. bxc5 Nf4 54. Nf2 Ne6 55. c6 Kh4 56. Ke5 Nc7 57. Nd3 h2 58. Nf2 g3 0-1

[Event "1st Bangalore GM-Open-A 2024"]
[Site "Bangalore"]
[Date "2024.01.24"]
[Round "8.37"]
[White "Ram Aravind L N"]
[Black "Sathvik Adiga"]
[Result "1/2-1/2"]
[ECO "C78"]
[WhiteElo "2332"]
[BlackElo "2142"]
[Annotator "RC"]
[PlyCount "81"]
[EventDate "2024.01.20"]
[EventType "swiss"]
[EventCountry "IND"]
[SourceTitle "playchess.com"]
[Source "ChessBase"]
[SourceQuality "1"]
[TimeControl "5400+30"]

1. e4 e5 2. Nf3 Nc6 3. Bb5 a6 4. Ba4 Nf6 5. d3 b5 6. Bb3 Bc5 7. O-O O-O 8. c3 d6 9. h3 Ne7 10. Re1 Ng6 11. Nbd2 h6 12. Nf1 Re8 13. Ng3 Bb7 14. d4 Bb6 15. Bc2 c6 16. Nf5 Qc7 17. Be3 c5 18. Qc1 Nh5 19. Bxh6 gxh6 20. Qxh6 Ngf4 21. d5 f6 22. g3 Kf7 23. Qh7+ Kf8 24. Qh6+ Kg8 25. gxf4 Qh7 26. Qxh7+ Kxh7 27. Nxd6 Rg8+ 28. Kh1 Bc8 29. Nxc8 Raxc8 30. fxe5 fxe5 31. Nxe5 Rcf8 32. Ng4 c4 33. e5+ Kh8 34. e6 Rf3 35. Kh2 Nf4 36. Bd1 Rxh3+ 37. Kg1 Rg3+ 38. Kf1 Rh3 39. Kg1 Rg3+ 40. Kf1 Rh3 41. Kg1 1/2-1/2